 Dungeon Crawl Stone Soup version 0.20.0-1-g1cb1d84 (webtiles) character file.

687 FakerFangirl the Cudgeler (level 7, -3/60 HPs)
             Began as a Purple Draconian Fighter on May 26, 2017.
             Was an Initiate of Cheibriados.
             Slain by a two-headed ogre
             ... wielding a +0 giant spiked club
              (9 damage)
             ... on level 4 of the Dungeon.
             The game lasted 00:04:38 (3454 turns).

FakerFangirl the Cudgeler (DrFi)                    Turns: 3454, Time: 00:04:39

Health: -3/60      AC:  6    Str: 20    XL:     7   Next: 35%
Magic:  7/7        EV: 10    Int:  9    God:    Cheibriados [......]
Gold:   188        SH:  9    Dex: 13    Spells: 6/6 levels left

rFire    . . .     SeeInvis .   Y - +1 flail
rCold    . . .     Gourm    .   b - +0 shield
rNeg     . . .     Faith    .   (armour unavailable)
rPois    .         Spirit   .   (helmet restricted)
rElec    .         Reflect  .   (no cloak)
rCorr    .         Harm     .   (no gloves)
MR       +....                  (no boots)
Stlth    +.........             (no amulet)
Regen    0.2/turn               (no ring)
MPRegen  0.1/turn               (no ring)

@: drained, very slow
A: breathe power, unfitting armour, cold-blooded, AC +6
a: Breathe Dispelling Energy, Bend Time, Renounce Religion


You were on level 4 of the Dungeon.
You worshipped Cheibriados.
Cheibriados was noncommittal.
You were not hungry.

You visited 2 branches of the dungeon, and saw 5 of its levels.

You collected 188 gold pieces.


Innate Abilities, Weirdness & Mutations

You can breathe bolts of dispelling energy.
Your rich purple scales are hard. (AC +6)
You cannot fit into any form of body armour.
You are cold-blooded and may be slowed by cold attacks.


   Skills:
 - Level 4.6(4.4) Fighting
 + Level 7.8(7.5) Maces & Flails
 - Level 2.6(2.4) Dodging
 - Level 3.0(2.7) Shields


You had 6 spell levels left.
You didn't know any spells.

Inventory:

Hand Weapons
 Y - a +1 flail (weapon)
Armour
 b - a +0 shield (worn)
Wands
 a - a wand of flame (17/48)
Scrolls
 p - a scroll of remove curse
Potions
 c - a potion of might
 g - a potion of lignification {unknown}
 h - a potion of heal wounds {unknown}
 k - a potion of haste {unknown}
 m - a potion of curing
Comestibles
 d - 2 bread rations
 f - 4 fruits
 i - 6 chunks of flesh
 l - a royal jelly

Dungeon Overview and Level Annotations

Branches:
Dungeon (4/15)             Temple (1/1) D:4

Altars:
Cheibriados
Dithmenos
Fedhas
Gozag
Hepliaklqana
Okawaru
Ru
Trog
Uskayaw
Xom
Yredelemnul
Zin
The Shining One


Message History

The two-headed ogre is lightly wounded.
You hit the two-headed ogre.
The two-headed ogre is moderately wounded.
You block the two-headed ogre's attack. x2
You sock the two-headed ogre! You tail-slap the two-headed ogre.
The two-headed ogre is moderately wounded.
The two-headed ogre closely misses you.
The two-headed ogre hits you with a giant club!
You hit the two-headed ogre.
The two-headed ogre is heavily wounded.
You block the two-headed ogre's attack. x2
You completely miss the two-headed ogre.
You tail-slap the two-headed ogre.
The two-headed ogre is heavily wounded.
The two-headed ogre hits you with a giant spiked club!
The two-headed ogre hits you with a giant club!
You hit the two-headed ogre but do no damage.
The two-headed ogre is heavily wounded.
The two-headed ogre hits you with a giant spiked club!
You die...

## ##################
#.
###................###'
#........#####.........
#....O@...# #.........
#...(.....# #.........
##........# #.........
.....##+#### #####.....
..... ####.. .... #..
... +.. ### #.. #..


You could see a two-headed ogre.

Vanquished Creatures
  Sigmund (D:2)
  The ghost of Misericorde the Cutter, an amateur VSGl (D:3)
  A phantom (D:4)
  A centaur skeleton (D:4)
  2 hounds (D:4)
  A bullfrog skeleton (D:4)
  Jessica (D:2)
  An orc wizard (D:4)
  A gnoll (D:2)
  7 adders
  A worm (D:2)
  A dart slug (D:1)
  A leopard gecko (D:2)
  10 orcs
  5 bats
  13 giant cockroaches
  10 goblins
  4 hobgoblins
  3 jackals (D:2)
  A quokka (D:3)
  6 frilled lizards
  8 kobolds
  12 rats
92 creatures vanquished.

Notes
Turn   | Place    | Note
-------+----------+-------------------------------------------
     0 | D:1      | FakerFangirl the Draconian Fighter began the quest for the Orb.
     0 | D:1      | Reached XP level 1. HP: 19/19 MP: 1/1
     0 | D:1      | 0 ||| counter = 79
   239 | D:1      | Reached XP level 2. HP: 23/26 MP: 2/2
   331 | D:1      | 331 ||| Stepping ~*~*~tactically~*~*~ (outnumbered).
   332 | D:1      | Reached skill level 3 in Maces & Flails
   594 | D:1      | Reached XP level 3. HP: 31/31 MP: 3/3
   788 | D:1      | 788 ||| READING scroll labeled DARABITZODID.
   791 | D:1      | 791 ||| READING scroll labeled SEENATH DIDULA.
   792 | D:1      | 792 ||| READING scroll labeled SOCUAMUITO.
   793 | D:1      | 793 ||| READING scroll labeled WEDDYWN UBANE.
   923 | D:2      | Reached skill level 4 in Maces & Flails
   952 | D:2      | HP: 7/31 [poisoned by an adder]
  1166 | D:2      | 1166 ||| EATING royal jelly.
  1382 | D:2      | Noticed Jessica
  1387 | D:2      | Killed Jessica
  1387 | D:2      | Reached XP level 4. HP: 38/38 MP: 4/4
  1919 | D:2      | Noticed Sigmund
  1931 | D:2      | Killed Sigmund
  1931 | D:2      | Reached skill level 6 in Maces & Flails
  1931 | D:2      | Reached XP level 5. HP: 33/45 MP: 5/5
  1931 | D:2      | Reached XP level 6. HP: 38/51 MP: 6/6
  1993 | D:2      | 1993 ||| READING scroll labeled KORAIQ DIWNI.
  1994 | D:2      | 1994 ||| READING scroll labeled PAGUUC OQERR.
  1995 | D:2      | 1995 ||| READING scroll labeled HYKIRUISCHO.
  2072 | D:3      | Noticed Misericorde's ghost (amateur VSGl)
  2099 | D:3      | HP: 11/51 [Misericorde's ghost (6)]
  2100 | D:3      | 2100 ||| READING scroll of teleportation.
  2102 | D:3      | Killed Misericorde's ghost
  2104 | D:3      | HP: 8/53 [poisoned by an adder]
  2112 | D:3      | HP: 8/53 [poisoned by an adder]
  2736 | D:3      | 2736 ||| Stepping ~*~*~tactically~*~*~ (outnumbered).
  2737 | D:3      | 2737 ||| Stepping ~*~*~tactically~*~*~ (outnumbered).
  2739 | D:3      | 2739 ||| Stepping ~*~*~tactically~*~*~ (outnumbered).
  2787 | D:3      | 2787 ||| READING 2 scrolls labeled FOISSI ZUALL.
  2788 | D:3      | 2788 ||| READING scroll labeled BEMUPT IGAAL.
  2789 | D:3      | 2789 ||| DRINKING 2 fizzy black potions.
  2790 | D:3      | 2790 ||| READING scroll of identify.
  2790 | D:3      | 2790 ||| IDENTIFYING square jade amulet
  2791 | D:3      | 2791 ||| DROPPING amulet of rage.
  2832 | D:4      | 2832 ||| Stepping ~*~*~tactically~*~*~ (outnumbered).
  2835 | D:4      | 2835 ||| Stepping ~*~*~tactically~*~*~ (outnumbered).
  2836 | D:4      | 2836 ||| Stepping ~*~*~tactically~*~*~ (outnumbered).
  2837 | D:4      | 2837 ||| Stepping ~*~*~tactically~*~*~ (outnumbered).
  2855 | D:4      | HP: 13/53 [phantom (5)]
  2856 | D:4      | 2856 ||| READING scroll of teleportation.
  2856 | D:4      | HP: 6/53 [something/magic dart (7)]
  2857 | D:4      | Reached skill level 7 in Maces & Flails
  2857 | D:4      | Your scales start taking on a rich purple colour.
  2857 | D:4      | Reached XP level 7. HP: 7/60 MP: 7/7
  2884 | D:4      | HP: 8/60 [bullfrog skeleton (4)]
  2972 | D:4      | 2972 ||| Invisible monster not found???
  3144 | D:4      | Found a staircase to the Ecumenical Temple.
  3174 | Temple   | Entered the Ecumenical Temple
  3175 | Temple   | 3175 ||| Entered T.
  3187 | Temple   | Became a worshipper of Cheibriados the Contemplative
  3225 | Temple   | 3225 ||| DRINKING 2 fizzy coppery potions.
  3226 | Temple   | 3226 ||| DROPPING potion of invisibility.
  3443 | D:4      | Noticed a two-headed ogre
  3453 | D:4      | HP: 6/60 [two-headed ogre/giant spiked club (12)]
  3454 | D:4      | Slain by a two-headed ogre

Vault maps used:
D:1:      dpeg_arrival_prison, minmay_misc_feat_encased
D:2:      uniq_sigmund, uniq_jessica
D:3:      minmay_goblin_outpost
D:4:      minmay_temple_entry_junction_2, glass_columns_b, lemuel_tele_altar,
          uniq_menkaure
Temple:   cyrus_circular_temple

Skill      XL: |  1  2  3  4  5  6 |
---------------+-------------------+-----
Maces & Flails | 3 4 6 7 |  7.8
Fighting       | 4 |  4.6
Dodging        | |  2.6
Shields        | |  3.0

Action                   |  1- 3 |  4- 6 |  7- 9 || total
-------------------------+-------+-------+-------++-------
Melee: Flail             |   146 |   127 |    60 ||   333
       Tailslap          |    17 |    11 |     9 ||    37
Throw: Tomahawk          |       |       |     1 ||     1
  Use: Scroll            |     4 |     8 |       ||    12
       Potion            |       |     1 |     1 ||     2
  Eat: Royal jelly       |     1 |       |       ||     1
       Chunk             |       |     5 |     2 ||     7
Armor: Skin              |    31 |    45 |     9 ||    85
Dodge: Dodged            |    55 |    38 |    22 ||   115
Block: Shield            |    64 |    45 |    23 ||   132
